AoeStats
← Vilo41

Arabian Desert

510316324Analyzed
1v1 RM · 1d ago on Sep 30, 2026· 27m 36s· 2 players
Game mode
Random Map
Map size
Tiny (2 player)
Population
200
Speed
Normal
Resources
Standard
Victory
Conquest
Starting age
Dark Age
Ending age
Imperial Age
RankedLock teamsTeams togetherTeam positionsShared explorationLock speedFull tech treeHidden civsTurbo modeCheats
Victory
Defeat
🇧🇪 Teutons · Belgium
496
+15
🇻🇪 Franks · Venezuela
476
-15
Vilo41
10:33 Feudal Age
11:18 Double-Bit Axe
15:33 Wheelbarrow
19:49 Castle Age
23:46 Bow Saw
da
12:46 Feudal Age
13:19 Double-Bit Axe
13:16 Horse Collar
15:07 Bloodlines
15:51 Forging
15:41 Scale Mail Armor
16:38 Scale Barding Armor
21:56 Castle Age
20:32 Wheelbarrow
22:41 Stone Mining
22:41 Gold Mining
23:04 Bow Saw
22:57 Heavy Plow
25:00 Squires
24:20 Pikeman
27:44 Iron Casting
27:25 Chain Mail Armor
Connection lost

Rejoining the realm…

Still unreachable

The connection could not be restored.

Session expired

The server has moved on; the page needs a fresh start.